 Dungeon Crawl Stone Soup version 0.21.0-24-g2553a3340b (webtiles) character file.

65 Krosko the Covered (level 4, -2/29 HPs)
             Began as a Gargoyle Fighter on Jan 21, 2018.
             Slain by a centaur (3 damage)
             ... on level 3 of the Dungeon.
             The game lasted 00:03:56 (1022 turns).

Krosko the Covered (Gargoyle Fighter)               Turns: 1022, Time: 00:03:56

Health: -2/29      AC: 10    Str: 20    XL:     4   Next: 13%
Magic:  0/4        EV:  7    Int:  9    God:
Gold:   75         SH:  8    Dex:  9    Spells: 3/3 levels left

rFire    . . .     SeeInvis .   a - +0 flail
rCold    . . .     Gourm    .   c - +0 shield
rNeg     + . .     Faith    .   b - +0 scale mail
rPois    ∞         Spirit   +   (no helmet)
rElec    +         Reflect  .   (no cloak)
rCorr    .         Harm     .   (no gloves)
MR       .....                  (no boots)
Stlth    ..........             m - amulet of guardian spirit
HPRegen  0.09/turn              (no ring)
MPRegen  0.09/turn              (no ring)

@: heavily drained
A: negative energy resistance 1, electricity resistance, unbreathing,
petrification resistance, rot immunity, AC +3
a: no special abilities


You were on level 3 of the Dungeon.
You were hungry.

You visited 1 branch of the dungeon, and saw 3 of its levels.

You collected 75 gold pieces.

Inventory:

Hand Weapons
 a - a +0 flail (weapon)
Armour
 b - a +0 scale mail (worn)
 c - a +0 shield (worn)
Jewellery
 l - an uncursed amulet of harm
 m - an amulet of guardian spirit (around neck)
 q - an uncursed ring of ice {unknown}
Scrolls
 e - 2 scrolls of identify {unknown}
 g - a scroll of enchant weapon {unknown}
 h - a scroll of fear {unknown}
 n - a scroll of magic mapping {unknown}
 r - a scroll of remove curse {unknown}
Potions
 d - 2 potions of might
 i - a potion of berserk rage {unknown}
 j - a potion of cancellation {unknown}
 k - 2 potions of mutation {unknown}
 o - a potion of invisibility {unknown}
 p - a potion of magic {unknown}
 s - 2 potions of lignification {unknown}
 t - a potion of curing {unknown}
Comestibles
 f - 4 rations


   Skills:
 + Level 3.7(2.2) Fighting
 + Level 2.7(1.2) Maces & Flails
 + Level 3.8(2.2) Armour
 + Level 1.0(0.0) Dodging
 + Level 3.7(2.2) Shields


You had 3 spell levels left.
You didn't know any spells.

Dungeon Overview and Level Annotations

Branches:
Dungeon (3/15)

Altars:


Innate Abilities, Weirdness & Mutations

You are resistant to torment.
Your stone body is resilient. (AC +3)
You are immune to poison.
You resist negative energy. (rN+)
You are resistant to electric shocks. (rElec)
You can survive without breathing.
You are immune to petrification.
You are immune to rotting.


Message History

The centaur barely misses you.
The centaur hits you but does no damage.
There is a stone staircase leading up here.
The centaur wields an uncursed shortbow.
The centaur shoots an arrow.
You block the arrow.
The centaur shoots an arrow.
You block the arrow.
You see here an arrow.
Found a stone staircase leading down.
The centaur shoots an arrow.
You block the arrow.
You see here an arrow.
You hit the rat but do no damage.
The centaur unwields an uncursed shortbow.
The centaur hits you.
* * * LOW HITPOINT WARNING * * *
The rat bites you but does no damage.
You sock the rat!
You kill the rat!
Your base Dodging skill increases to level 1!
The centaur hits you.
You die...

##########
#...)(<..#
#........#######
#..............#
#........(.....#
#.........g....#
#..........(...#
#...........@..#
#..........c...#
#.###..........#
............#
............#
..>..........
....#########
...


You could see a centaur and a goblin.

Vanquished Creatures
  3 adders (D:2)
  2 leopard geckos (D:1)
  A giant cockroach (D:2)
  4 goblins
  7 hobgoblins
  5 kobolds
  2 ball pythons (D:2)
  4 bats (D:2)
  3 frilled lizards
  5 rats
36 creatures vanquished.

Notes
Turn   | Place    | Note
-------+----------+-------------------------------------------
     0 | D:1      | Krosko the Gargoyle Fighter began the quest for the Orb.
     0 | D:1      | Reached XP level 1. HP: 14/14 MP: 1/1
   213 | D:1      | Reached XP level 2. HP: 19/19 MP: 2/2
   597 | D:2      | Reached XP level 3. HP: 19/24 MP: 3/3
   770 | D:2      | Reached XP level 4. HP: 29/29 MP: 2/4
   997 | D:3      | Noticed a centaur
  1021 | D:3      | HP: 1/29 [centaur (4)]
  1022 | D:3      | Reached skill level 1 in Dodging
  1022 | D:3      | Slain by a centaur

Skill      XL: |  1  2  3  4 |
---------------+-------------+-----
Dodging        | 1 |  1.0
Fighting       | |  3.7
Maces & Flails | |  2.7
Armour         | |  3.8
Shields        | |  3.7

Action                   |  1- 3 |  4- 6 || total
-------------------------+-------+-------++-------
Melee: Flail             |   129 |    38 ||   167
Armor: Scale mail        |    79 |    41 ||   120
Dodge: Dodged            |    53 |    24 ||    77
Block: Shield            |    68 |    33 ||   101
